 Dungeon Crawl Stone Soup version 0.30-a0-359-gd0147acb1a (webtiles) character file.

Game seed: 12364433966046019081

105 Maxmaps the Trooper (level 4, -8/33 HPs)
             Began as an Octopode Monk on Nov 11, 2022.
             Mangled by an orc warrior
             ... wielding a +0 long sword
              (14 damage)
             ... on level 6 of the Dungeon.
             The game lasted 00:01:23 (1306 turns).

Maxmaps the Trooper (Octopode Monk)                 Turns: 1306, Time: 00:01:23

Health: -8/33      AC:  1    Str:  8 (10) XL:     4   Next: 83%
Magic:  7/7        EV: 13    Int: 11 (14) God:
Gold:   76         SH:  0    Dex: 12 (14) Spells: 8/8 levels left

rFire   . . .      SeeInvis .      - Unarmed
rCold   . . .      Faith    .    (no shield)
rNeg    . . .      Spirit   .    (helmet restricted)
rPois   .          Reflect  .    (no amulet)
rElec   .          Harm     .    (no ring)
rCorr   .          Rampage  .    (no ring)
Will    .....                    (no ring)
Stlth   +++.......               (no ring)
HPRegen 0.25/turn                (no ring)
MPRegen 0.10/turn                (no ring)
                                 (no ring)
                                 (no ring)

@: attractive
A: almost no armour, amphibious, 8 rings, camouflage 1, gelatinous body 1,
(nimble swimmer 1), tentacles
a: no special abilities


You were on level 6 of the Dungeon.
You visited 1 branch of the dungeon, and saw 4 of its levels.

You collected 76 gold pieces.

Inventory:

Scrolls
 c - 2 scrolls of teleportation {unknown}
 e - 2 scrolls of identify {unknown}
 f - a scroll of amnesia {unknown}
 g - a scroll of enchant weapon {unknown}
 i - 3 scrolls of poison {unknown}
 j - a scroll of fog {unknown}
Potions
 a - 2 potions of ambrosia
 d - a potion of degeneration
 h - a potion of brilliance {unknown}


   Skills:
 - Level 4.1 Fighting
 - Level 3.0 Dodging
 - Level 2.6 Stealth
 - Level 3.3 Unarmed Combat
 + Level 2.5 Spellcasting


You had 8 spell levels left.
You didn't know any spells.
Your spell library contained the following spells:

 Spells                   Type           Power      Damage    Failure   Level
 Blink                    Tloc           2%         N/A       38%         2
 Ensorcelled Hibernation  Hex/Ice        2%         N/A       38%         2
 Spider Form              Tmut/Pois      1%         N/A       63%         3
 Anguish                  Hex/Necr       0%         N/A       95%         4
 Manifold Assault         Tloc           1%         N/A       95%         4
 Storm Form               Tmut/Air       0%         N/A       100%        7


Dungeon Overview and Level Annotations

Branches:
Dungeon (3/15)

Altars:
Dithmenos


Innate Abilities, Weirdness & Mutations

You cannot wear most types of armour.
You are amphibious.
You can wear up to eight rings at the same time.
Your skin changes colour to match your surroundings (Stealth+).
Your rubbery body absorbs attacks. (AC +1, EV +1)
((You are camouflaged when in or above water. (Stealth+)))
You have tentacles for arms and can constrict up to eight enemies at once.


Message History

Found a robe.
The orc wizard shouts!
You hear a shout! x2
An orc warrior comes into view. It is wielding a +0 long sword.
An ufetubus comes into view.
Found a cloak.
The ufetubus shouts!
The ufetubus barely misses you. The ufetubus hits you.
You tentacle-slap the ufetubus. You grab the ufetubus.
You tentacle-slap the ufetubus, but do no damage.
The ufetubus is moderately wounded.
You constrict the ufetubus, but do no damage.
The ufetubus barely misses you. x2; The ufetubus hits you.
The ufetubus misses you.
You tentacle-slap the ufetubus.
The ufetubus is severely wounded.
You constrict the ufetubus. The ufetubus closely misses you.
The ufetubus hits you.
You tentacle-slap the ufetubus.
You kill the ufetubus!
It was a potion of attraction.
You feel attractive to monsters.
The orc warrior is attracted toward you.
It was a potion of degeneration.
There was something very wrong with that liquid.
You feel weakened.
You feel dopey.
You feel clumsy.
The orc warrior hits you with a +0 long sword!
Ouch! That really hurt!
You barely miss the orc warrior. You grab the orc warrior.
You constrict the orc warrior.
The orc warrior hits you with a +0 long sword!
* * * LOW HITPOINT WARNING * * *
You tentacle-slap the orc warrior.
The orc warrior is lightly wounded.
You constrict the orc warrior, but do no damage.
The orc warrior barely misses you.
You tentacle-slap the orc warrior.
The orc warrior is moderately wounded.
You constrict the orc warrior.
The orc warrior hits you with a +0 long sword!
You die...

###.# ....# .##.#
....#### .......#
..#.##.# #####
..##.#.####...## #
...............###.#
#.##.#.###..[..o@..#
#.#.##.# #.....#####
#......# ##...#....
..###### #####.##.
### .# .. .#


You could see an orc warrior.

Vanquished Creatures
  An iguana (D:6)
  A gnoll (D:1)
  An adder (D:2)
  An ufetubus (D:6)
  2 worms (D:2)
  9 ball pythons
  5 endoplasms (D:1)
  A giant cockroach (D:1)
  A hobgoblin (D:2)
  3 jackals (D:2)
  4 kobolds
  3 quokkas
  8 bats
  3 frilled lizards
  A goblin (D:1)
  4 rats
48 creatures vanquished.

Vanquished Creatures (others)
  3 plants (D:1)
3 creatures vanquished.

Grand Total: 51 creatures vanquished

Notes
Turn   | Place    | Note
-------+----------+-------------------------------------------
     0 | D:1      | Maxmaps the Octopode Monk began the quest for the Orb.
     0 | D:1      | Reached XP level 1. HP: 16/16 MP: 1/1
    63 | D:1      | Found a faded altar of an unknown god.
    90 | D:1      | Reached XP level 2. HP: 20/21 MP: 2/2
   199 | D:1      | Reached skill level 4 in Fighting
   199 | D:1      | Reached XP level 3. HP: 12/27 MP: 3/3
   625 | D:1      | Found a shadowy altar of Dithmenos.
   738 | D:2      | Reached skill level 1 in Spellcasting
   959 | D:2      | Reached XP level 4. HP: 33/33 MP: 5/5
  1145 | D:3      | You fall into a shaft and drop 3 floors!
  1272 | D:6      | Noticed an orc warrior
  1306 | D:6      | Mangled by an orc warrior

Illustrated notes

Levels and vault maps discovered:
D:1:      dpeg_arrival_lava_altar, layout_basic, ebering_ecumenical_altar_webs,
          nicolae_grassy_gnolls
D:2:      layout_rooms, hangedman_abyss_or_decor_stabs,
          chequers_serial_rivers_micro_e, hex_intersection
D:3:      layout_rooms, xom_butterflies, serial_shops, shop, st_stairs_2
D:6:      kennysheep_slugbush, layout_loops_cross, mainiacjoe_overflow_catwalk,
          uniq_prince_ribbit1

Skill      XL: |  1  2  3  4 |
---------------+-------------+-----
Fighting       | 4 |  4.1
Spellcasting   | 1 2 |  2.5
Dodging        | |  3.0
Stealth        | |  2.6
Unarmed Combat | |  3.3

Action                   |  1- 3 |  4- 6 || total
-------------------------+-------+-------++-------
Melee: Unarmed           |    72 |    24 ||    96
       Constrict         |    17 |     6 ||    23
       Tentacles         |    12 |     8 ||    20
       Punch             |     2 |     2 ||     4
  Use: Potion            |       |     2 ||     2
 Stab: Sleeping          |    12 |       ||    12
Armor: Skin              |     7 |     1 ||     8
Dodge: Dodged            |    47 |    14 ||    61

Table legend: (Time is in decaauts)
 A = Elapsed time spent in this place.
 B = Non-inter-level travel time spent in this place.
 C = Inter-level travel time spent in this place.
 D = Time resting spent in this place.
 E = Time spent auto-exploring this place.
 F = Levels seen in this place.
 G = Mean time per level.
                   A        B        C        D        E       F      G
               +--------+--------+--------+--------+--------+-----+--------+
         Total |   1300 |   1280 |     20 |    149 |    822 |   4 |  325.0 |
       Dungeon |   1300 |   1280 |     20 |    149 |    822 |   4 |  325.0 |
               +--------+--------+--------+--------+--------+-----+--------+

Top non-repeatable levels by time:
     D:1: 634 daAuts
     D:2: 501 daAuts
     D:6: 160 daAuts
     D:3: 3 daAuts
